 Dungeon Crawl Stone Soup version 0.29.0-4-gdea44cf6ec (webtiles) character file.

Game seed: 10620919804713375936

33 qw the Chopper (level 3, 0/21 HPs)
             Began as a Tengu Warper on Aug 28, 2022.
             Killed from afar by a dart slug (3 damage)
             ... with a slug dart
             ... on level 1 of the Dungeon.
             The game lasted 00:00:05 (1004 turns).

qw the Chopper (Tengu Warper)                       Turns: 1004, Time: 00:00:06

Health: 0/21       AC:  3    Str: 13    XL:     3   Next: 29%
Magic:  7/7        EV: 12    Int: 13    God:
Gold:   56         SH:  0    Dex: 13    Spells: 6/6 levels left

rFire   . . .      SeeInvis .   a - +0 hand axe
rCold   . . .      Faith    .   (no shield)
rNeg    . . .      Spirit   .   b - +0 leather armour
rPois   .          Reflect  .   (helmet restricted)
rElec   .          Harm     .   (no cloak)
rCorr   .          Rampage  .   (no gloves)
Will    .....                   (boots unavailable)
Stlth   +.........              (no amulet)
HPRegen 0.07/turn               (no ring)
MPRegen 0.10/turn               (no ring)

@: no status effects
A: beak, talons 3
a: no special abilities


You were on level 1 of the Dungeon.
You visited 1 branch of the dungeon, and saw 1 of its levels.

You collected 56 gold pieces.


Innate Abilities, Weirdness & Mutations

You have a beak for a mouth.
You have claws for feet.


   Skills:
 - Level 2.0 Fighting
 + Level 4.0 Axes
 - Level 1.0 Throwing
 - Level 1.1 Armour
 - Level 2.1 Dodging
 - Level 2.0 Spellcasting
 - Level 2.4 Translocations


You had 6 spell levels left.
You didn't know any spells.
Your spell library contained the following spells:

 Spells                   Type           Power      Damage    Failure   Level
 Blink                    Tloc           14%        N/A       19%         2
 Gell's Gravitas          Tloc           7%         N/A       36%         3
 Lesser Beckoning         Tloc           7%         N/A       36%         3
 Teleport Other           Tloc           7%         N/A       36%         3
 Manifold Assault         Tloc           7%         N/A       98%         5

Inventory:

Hand Weapons
 a - a +0 hand axe (weapon)
 h - a +0 club
Armour
 b - a +0 leather armour (worn)
 e - a +0 ring mail
Jewellery
 f - a ring of protection from fire
Scrolls
 c - a scroll of blinking
 d - a scroll of brand weapon {unknown}
 i - a scroll of torment {unknown}
Potions
 g - a potion of invisibility {unknown}
 j - a potion of magic {unknown}

Dungeon Overview and Level Annotations

Branches:
Dungeon (1/15)

Altars:


Message History

You closely miss the kobold. The gnoll closely misses you.
The kobold hits you with a +0 whip.
You hit the endoplasm.
You claw the endoplasm, but do no damage.
The endoplasm is severely wounded.
You barely miss the rat. You closely miss the kobold.
The gnoll hits you from afar with a +0 spear.
The endoplasm closely misses you. The rat completely misses you.
The kobold completely misses you.
You hit the endoplasm.
You kill the endoplasm!
You barely miss the rat. You hit the kobold but do no damage.
You barely miss the kobold. The gnoll barely misses you.
The kobold barely misses you. x2
The rat misses you.
You hit the hobgoblin.
You kill the hobgoblin!
You hit the rat but do no damage. You hit the kobold but do no damage.
You barely miss the kobold. The kobold barely misses you. The rat bites you.
The gnoll barely misses you. The kobold barely misses you.
Your Axes skill increases to level 4!
You slash the rat!
You kill the rat!
You miss the kobold. You completely miss the kobold.
The gnoll hits you from afar with a +0 spear.
The kobold misses you. The kobold hits you with a +0 club.
You barely miss the dart slug. You closely miss the kobold. You hit the kobold.
You kill the kobold!
The gnoll hits you but does no damage. The kobold closely misses you.
The dart slug bites you but does no damage.
You hit the dart slug. You claw the dart slug. You peck the dart slug.
The dart slug is almost dead.
You hit the kobold.
You kill the kobold!
You completely miss the dart slug. The gnoll completely misses you.
The dart slug barely misses you. The dart slug launches a dart at you.
The slug dart hits you.
You die...

............ ...........
........... ###########
.......... ...........
.........###########....
.........#......##...#.#
..>..gw)...........###.#
......w@.#......#### #.#
......)..#......# #.#
########......### #.#
#......# #####.#
#......# #......
#......# #......
#......# #......
#......# #.....#
#......# #.....#


You could see a gnoll and 2 dart slugs.

Vanquished Creatures
  5 endoplasms (D:1)
  3 giant cockroaches (D:1)
  2 goblins (D:1)
  2 hobgoblins (D:1)
  A ball python (D:1)
  7 bats (D:1)
  5 kobolds (D:1)
  7 rats (D:1)
32 creatures vanquished.

Notes
Turn   | Place    | Note
-------+----------+-------------------------------------------
     0 | D:1      | qw the Tengu Warper began the quest for the Orb.
     0 | D:1      | Reached XP level 1. HP: 12/12 MP: 4/4
     0 | D:1      | 0 ||| qw: Version: 0.1-a-89-g26bdef1
     0 | D:1      | 0 ||| qw: Game counter: 2982
     0 | D:1      | 0 ||| qw: Always use a shield: true
     0 | D:1      | 0 ||| qw: God list: Okawaru
     0 | D:1      | 0 ||| qw: Allow faded altars: false
     0 | D:1      | 0 ||| qw: Do Orc after D:15 true
     0 | D:1      | 0 ||| qw: Do second Lair branch before Depths: true
     0 | D:1      | 0 ||| qw: Lair rune preference: random
     0 | D:1      | 0 ||| qw: Plans: Normal
     0 | D:1      | 0 ||| PLANNING D:1-11
     7 | D:1      | 7 ||| Stepping ~*~*~tactically~*~*~ (stealth).
   105 | D:1      | Reached XP level 2. HP: 16/17 MP: 6/6
   109 | D:1      | Reached skill level 3 in Axes
   412 | D:1      | 412 ||| Stepping ~*~*~tactically~*~*~ (stealth).
   542 | D:1      | 542 ||| Stepping ~*~*~tactically~*~*~ (stealth).
   582 | D:1      | Found a faded altar of an unknown god.
   589 | D:1      | 589 ||| Stepping ~*~*~tactically~*~*~ (stealth).
   591 | D:1      | 591 ||| Stepping ~*~*~tactically~*~*~ (stealth).
   705 | D:1      | Reached XP level 3. HP: 20/21 MP: 7/7
  1002 | D:1      | Reached skill level 4 in Axes
  1002 | D:1      | HP: 5/21 [gnoll/+0 spear (6)]
  1004 | D:1      | Killed from afar by a dart slug

Levels and vault maps discovered:
D:1:      arrival_zaba_pyramid, layout_basic, basic_ecumenical_altar

Skill      XL: |  1  2  3 |
---------------+----------+-----
Axes           | 3 4 |  4.0
Fighting       | |  2.0
Throwing       | |  1.0
Armour         | |  1.1
Dodging        | |  2.1
Spellcasting   | |  2.0
Translocations | |  2.4

Action                   || total
-------------------------++-------
Melee: Hand axe          ||    70
       Peck              ||     5
       Punch             ||     1
       Kick              ||    16
Throw: Boomerang         ||     7
Armor: Leather armour    ||    43
Dodge: Dodged            ||    73

Table legend:
 A = Non-vault XP
 B = Vault XP
 C = Vault XP percentage of total XP
 D = Non-vault monster count
 E = Vault monster count
 F = Vault count percentage of total count
                 A         B        C        D         E       F
            +---------+---------+-------+---------+---------+-------
      Total |      49 |       0 |   0.0 |      32 |       0 |   0.0
            +---------+---------+-------+---------+---------+-------
        D:1 |      49 |       0 |   0.0 |      32 |       0 |   0.0
            +---------+---------+-------+---------+---------+-------
